 Dungeon Crawl Stone Soup version 0.21.0-22-g11d5b52 (webtiles) character file.

11617 4thArraOfDagon the Cleaver (level 11, -3/97 HPs)
             Began as a Deep Dwarf Air Elementalist on Jan 18, 2018.
             Was a Priest of Makhleb.
             Killed from afar by an orc sorcerer (26 damage)
             ... with a bolt of negative energy
             ... on level 11 of the Dungeon.
             The game lasted 00:45:21 (7094 turns).

4thArraOfDagon the Cleaver (DDAE)                   Turns: 7094, Time: 00:45:22

Health: -3/97      AC: 12    Str: 11    XL:     11   Next: 51%
Magic:  4/11       EV: 18    Int: 20    God:    Makhleb [***...]
Gold:   509        SH:  0    Dex: 13    Spells: 5/15 levels left

rFire    + . .     SeeInvis .   n - +7 short sword "Laada" {freeze, +Inv rElec rF+}
rCold    . . .     Gourm    .   (no shield)
rNeg     . . .     Faith    .   w - +2 ring mail {MR+}
rPois    +         Spirit   .   f - +0 helmet
rElec    +         Reflect  .   (no cloak)
rCorr    .         Harm     .   (no gloves)
MR       ++...                  B - +2 pair of boots
Stlth    +.........             (no amulet)
HPRegen  0.00/turn              s - ring of poison resistance
MPRegen  0.12/turn              o - +5 ring of evasion

@: very slightly contaminated, non-regenerating, heavily drained
A: damage resistance, heal wounds, sense surroundings 2, no regeneration
a: Heal Wounds, Minor Destruction, Lesser Servant of Makhleb, Renounce Religion,
Evoke Invisibility


You were on level 11 of the Dungeon.
You worshipped Makhleb.
Makhleb was most pleased with you.
You were hungry.

You visited 2 branches of the dungeon, and saw 12 of its levels.
You also visited: Labyrinth.

You collected 509 gold pieces.

Inventory:

Hand Weapons
 e - a +0 war axe
 g - a +0 dagger
 l - a +0 falchion
 n - the +7 short sword "Laada" (weapon) {freeze, +Inv rElec rF+}
   (You found it on level 6 of the Dungeon)

   It has been specially enchanted to freeze those struck by it, causing extra
   injury to most foes and up to half again as much damage against particularly
   susceptible opponents.
   It can also slow down cold-blooded creatures.
   It protects you from fire.
   It insulates you from electricity.
   It lets you turn invisible.
 p - a +1 mace
 t - a +1 morningstar of holy wrath
 L - a -2 hand axe
 W - a +3 whip of venom
Armour
 a - a +0 robe
 f - a +0 helmet (worn)
 j - a +0 scale mail
 q - a +0 ring mail
 r - a +0 pair of gloves
 u - a +0 pair of gloves
 w - a +2 ring mail of magic resistance (worn)
 B - a +2 pair of boots (worn)
 K - a +1 shield of protection
Magical Staves
 J - an uncursed staff of poison
 Q - an uncursed staff of fire
Jewellery
 d - an uncursed ring of flight
 i - an uncursed amulet of regeneration
 m - an uncursed ring of protection from magic
 o - a +5 ring of evasion (right hand)
 s - a ring of poison resistance (left hand)
 A - an uncursed ring of resist corrosion
 H - an uncursed ring of ice
 R - the amulet of Qejoly {Reflect -Tele rN+ Int+3 SH+5}
   (You found it in a labyrinth)

   [amulet of reflection]

   It shields you and reflects attacks.
   It affects your intelligence (+3).
   It protects you from negative energy.
   It prevents most forms of teleportation.
   It affects your SH (+5).
 S - an uncursed ring of see invisible
 T - an uncursed ring of wizardry
Wands
 z - a wand of iceblast (3)
 C - a wand of digging (32)
 U - a wand of clouds (7)
 X - a wand of disintegration (13)
Scrolls
 h - 2 scrolls of fear
 k - 5 scrolls of remove curse
 x - 3 scrolls of teleportation
 y - a scroll of immolation
 M - 2 scrolls of enchant weapon
 N - a scroll of fog
Potions
 D - a potion of ambrosia
 E - a potion of flight
 F - a potion of berserk rage
 G - 2 potions of mutation
 I - a potion of haste
 O - a potion of cancellation
 P - 2 potions of curing
Books
 b - a book of Air

   Spells                             Type                      Level
   a - Shock                          Conjuration/Air              1
   b - Swiftness                      Charms/Air                   2
   c - Static Discharge               Conjuration/Air              3
   d - Airstrike                      Air                          4
   e - Lightning Bolt                 Conjuration/Air              5
 v - a book of Necromancy

   Spells                             Type                      Level
   a - Pain                           Necromancy                   1
   b - Animate Skeleton               Necromancy                   1
   c - Vampiric Draining              Necromancy                   3
   d - Regeneration                   Charms/Necromancy            3
   e - Animate Dead                   Necromancy                   4
   f - Borgnjor's Vile Clutch         Necromancy/Earth             5
 V - a book of Fire

   Spells                             Type                      Level
   a - Ignite Poison                  Fire/Transmutation/Poison    3
   b - Fireball                       Conjuration/Fire             5
   c - Bolt of Fire                   Conjuration/Fire             6
   d - Ring of Flames                 Charms/Fire                  7
   e - Ignition                       Fire                         8
 Z - the Guide on Shape Shifting and Weightlessness
   (You found it on level 11 of the Dungeon)

   Spells                             Type                      Level
   a - Beastly Appendage              Transmutation                1
   b - Static Discharge               Conjuration/Air              3
   c - Blade Hands                    Transmutation                5
   d - Statue Form                    Transmutation/Earth          6
Comestibles
 c - 14 rations
 Y - 6 chunks of flesh


   Skills:
 - Level 6.0(4.0) Fighting
 * Level 10.6(8.5) Axes
 - Level 6.8(4.9) Armour
 - Level 7.4(5.4) Dodging
 - Level 2.4(0.7) Stealth
 * Level 2.7(0.9) Spellcasting
 - Level 0.8(0.0) Conjurations
 - Level 7.7(5.7) Necromancy
 - Level 4.6(2.8) Air Magic
 - Level 7.0(5.0) Invocations


You had 5 spell levels left.
You knew the following spells:

 Your Spells              Type           Power        Failure   Level  Hunger
a - Shock                 Conj/Air       #...         22%         1    ##.....
b - Swiftness             Chrm/Air       #.......     32%         2    ###....
c - Airstrike             Air            ##........   75%         4    #####..
d - Vampiric Draining     Necr           ###.......   11%         3    ####...


Dungeon Overview and Level Annotations

Branches:
Dungeon (11/15)            Temple (1/1) D:5            Lair (0/6) D:8
    Orc: D:9-12

Altars:
Ashenzari
Dithmenos
Elyvilon
Hepliaklqana
Kikubaaqudgha
Makhleb
Nemelex Xobeh
Okawaru
Qazlal
Ru
Sif Muna
Trog
Wu Jian
Yredelemnul
Zin
The Shining One

Shops:
D:10 %


Innate Abilities, Weirdness & Mutations

You are resistant to damage.
You can heal yourself by infusing magical energy.
You passively map the area around you.
You do not regenerate.


Message History

The orc sorcerer is almost dead.
You feel life coursing into your body.
Your ufetubus hits the orc sorcerer but does no damage.
Your ufetubus closely misses the orc sorcerer.
The chaos spawn hits your ynoxinul!
Your ynoxinul's magic leaks into the air.
The orc sorcerer hits your ufetubus but does no damage.
The orc sorcerer gestures wildly while chanting.
Your ufetubus hits the orc sorcerer but does no damage.
Your ufetubus barely misses the orc sorcerer.
The sun demon closely misses you.
A battlesphere comes into view.
Unknown command.
The chaos spawn gores you!
* * * LOW HITPOINT WARNING * * *
Your ufetubus barely misses the orc sorcerer. x2
Something misses your ufetubus.
The ynoxinul gestures.
The orc sorcerer casts a spell at you. The bolt of negative energy hits you!
You feel drained.
You die...

**########## *
,#..5*3#=≈#
#..#e4#=≈# *≈
+.#o#o@.≈# *≈
#§.#55#3≈#
#..43.#:≈# * *
*###'###### ,,
, #.# ,,, *
######'######
*,* ,
#≈≈≈≈≈≈≈≈≈≈≈#
,
#≈##..)..##≈#*
, ≈
#≈#...⌠...#≈#≈
, * ≈


You could see a sun demon, a deep elf mage, a ynoxinul, a chaos spawn, an orc
sorcerer, a red devil, a battlesphere, an ufetubus, a friendly ynoxinul
(confused) and 2 friendly ufetubi.

Vanquished Creatures
  2 two-headed ogres (D:9)
  An unseen horror (D:11)
  2 deep elf magi (D:11)
  3 naga magi (D:11)
  A meliai (D:8)
  A hippogriff (D:9)
  A wyvern (D:9)
  2 orc warriors
  A hornet zombie (D:11)
  2 ice beasts
  4 sky beasts
  3 wolves (D:11)
  A black bear (D:10)
  A necrophage (D:9)
  2 phantoms
  3 ogres
  3 centaurs
  4 big kobolds
  A crocodile (D:11)
  6 bullfrogs
  A water moccasin skeleton (D:7)
  3 scorpions
  3 killer bees (D:7)
  A wight (D:11)
  4 howler monkeys
  4 crimson imps
  3 hounds
  2 quasits
  2 gnoll shamans
  2 jellies
  13 orc wizards
  2 bullfrog skeletons
  4 orc priests
  A centaur skeleton (D:6)
  2 iguanas
  4 worker ants
  3 hound zombies
  2 worker ant zombies
  11 gnolls
  7 adders
  A howler monkey skeleton (D:4)
  A shadow imp (D:6)
  An adder skeleton (D:9)
  3 worms
  6 leopard geckos
  39 orcs
  A ball python (D:3)
  2 giant cockroaches (D:2)
  2 hobgoblins
  8 jackals
  5 quokkas
  3 bats (D:2)
  2 frilled lizards
  A giant cockroach zombie (D:5)
  3 goblins
  A goblin skeleton (D:5)
  A goblin zombie (D:5)
  A hobgoblin zombie (D:5)
  A jackal zombie (D:5)
  20 kobolds
  3 kobold zombies (D:5)
  2 leopard gecko skeletons (D:4)
  4 orc skeletons (D:5)
  An orc zombie (D:5)
  2 rats (D:3)
232 creatures vanquished.

Vanquished Creatures (collateral kills)
  A minotaur (Lab)
  2 two-headed ogres
  A tengu warrior (D:8)
  5 deep elf magi
  An orc sorcerer (D:11)
  A manticore (D:8)
  2 naga magi (D:11)
  Grum (D:11)
  A hungry ghost (D:10)
  2 orc warriors
  A big kobold (D:10)
  3 crimson imps (D:11)
  5 orc wizards
  2 orc priests (D:11)
  A shadow imp (D:8)
  An adder skeleton (D:8)
  9 orcs
  A quokka (D:9)
  2 kobolds
42 creatures vanquished.

Vanquished Creatures (others)
  An orc wizard (D:8)
1 creature vanquished.

Grand Total: 275 creatures vanquished

Notes
Turn   | Place    | Note
-------+----------+-------------------------------------------
     0 | D:1      | 4thArraOfDagon the Deep Dwarf Air Elementalist began the quest for the Orb.
     0 | D:1      | Reached XP level 1. HP: 15/15 MP: 3/3
   375 | D:2      | Found a basalt altar of Yredelemnul.
   537 | D:3      | Reached XP level 2. HP: 19/22 MP: 2/4
   626 | D:4      | Noticed a howler monkey
   726 | D:3      | Learned a level 2 spell: Swiftness
   811 | D:5      | Entered Level 5 of the Dungeon
  1030 | D:3      | Reached XP level 3. HP: 17/28 MP: 0/5
  1128 | D:4      | Noticed a bullfrog
  1204 | D:4      | Reached XP level 4. HP: 21/36 MP: 2/6
  1353 | D:3      | Killed a bullfrog
  1353 | D:3      | Reached XP level 5. HP: 18/42 MP: 2/7
  1359 | D:3      | Learned a level 4 spell: Airstrike
  1583 | D:4      | You fall through a shaft for 3 floors!
  1733 | D:6      | Noticed a water moccasin
  1748 | D:6      | Found a sacrificial altar of Ru.
  1767 | D:6      | Reached skill level 2 in Axes
  1797 | D:6      | Reached XP level 6. HP: 17/49 MP: 3/8
  1875 | D:6      | Reached skill level 3 in Axes
  1892 | D:6      | Got a warped short sword
  1940 | D:6      | Reached skill level 1 in Fighting
  1940 | D:6      | Reached skill level 1 in Armour
  2120 | D:6      | Noticed an orc warrior
  2230 | D:5      | Found a staircase to the Ecumenical Temple.
  2239 | Temple   | Entered the Ecumenical Temple
  2244 | Temple   | Became a worshipper of Makhleb the Destroyer
  2380 | D:5      | Reached skill level 4 in Axes
  2380 | D:5      | Reached XP level 7. HP: 40/57 MP: 1/7
  2387 | D:5      | Found a glowing golden altar of the Shining One.
  2427 | D:5      | Reached * piety under Makhleb
  2774 | D:4      | Reached skill level 5 in Axes
  2812 | D:4      | Identified the +7 short sword "Laada" {freeze, +Inv rElec rF+} (You found it on level 6 of the Dungeon)
  3310 | D:4      | Reached XP level 8. HP: 50/68 MP: 2/8
  3480 | D:6      | Reached skill level 6 in Axes
  3578 | D:6      | Reached ** piety under Makhleb
  3656 | D:6      | Learned a level 3 spell: Vampiric Draining
  3801 | D:7      | Reached skill level 1 in Necromancy
  3936 | D:7      | Reached skill level 7 in Axes
  3936 | D:7      | Reached skill level 5 in Dodging
  4096 | D:8      | Found a staircase to the Lair.
  4144 | D:8      | Gained mutation: You passively map the area around you. [Deep Dwarf growth]
  4144 | D:8      | Reached XP level 9. HP: 78/78 MP: 6/9
  4425 | D:8      | Reached *** piety under Makhleb
  4507 | D:8      | Noticed a tengu warrior
  4507 | D:8      | Noticed a manticore
  4508 | D:8      | Noticed a two-headed ogre
  4509 | D:8      | Noticed a meliai
  4509 | D:8      | Noticed a deep elf mage
  4518 | D:8      | Killed a two-headed ogre
  4518 | D:8      | Reached skill level 1 in Invocations
  4523 | D:8      | Killed a manticore
  4523 | D:8      | Reached skill level 5 in Armour
  4525 | D:8      | Killed a deep elf mage
  4525 | D:8      | Reached skill level 8 in Axes
  4538 | D:8      | Killed a tengu warrior
  4538 | D:8      | Reached skill level 5 in Necromancy
  4565 | D:8      | Killed a meliai
  4713 | D:8      | p0werm0de: https://www.youtube.com/watch?v=3LbF5StXt9w
  4792 | D:9      | Noticed a two-headed ogre
  4792 | D:9      | p0werm0de: man yermak SO sick this tourney
  4808 | D:8      | p0werm0de: i bet he will crash the 8k pts until sunday
  4819 | D:8      | p0werm0de: !gamesby yermak t
  4819 | D:8      | beem: yermak (t) has played 65 games, between 2018-01-05 20:00:43 and 2018-01-18 23:07:31, won 34 (52.3%), high score 62826411, total score 231650107, total turns 2451443, play-time/day 12:39:02, total time 7d+9:06:38.
  4819 | D:8      | 4thArraOfDagon: yea, he is crazy
  4819 | D:8      | p0werm0de: he was at over 14hr/day partly
  4819 | D:8      | p0werm0de: ;D
  4819 | D:8      | 4thArraOfDagon: what is tournament points record
  4819 | D:8      | 4thArraOfDagon: like 10k?
  4820 | D:9      | p0werm0de: this one prob
  4828 | D:9      | Reached XP level 10. HP: 56/86 MP: 11/11
  4911 | D:9      | p0werm0de: ye
  4937 | D:9      | p0werm0de: before 7k, 6,xk,6k
  4947 | D:9      | p0werm0de: back til 018
  4955 | D:9      | Noticed a two-headed ogre
  4974 | D:9      | Killed a two-headed ogre
  5158 | D:9      | 4thArraOfDagon: I tell you he is crazy xd
  5158 | D:9      | 4thArraOfDagon: going for record in everything :)
  5181 | D:9      | Reached skill level 5 in Invocations
  5206 | D:9      | p0werm0de: dont think he has a chance for realtime !!
  5229 | D:9      | p0werm0de: and beating 80m charly also will be tough
  5237 | D:9      | Reached skill level 5 in Fighting
  5284 | D:9      | p0werm0de: for like all time records
  5313 | D:10     | Entered Level 10 of the Dungeon
  5316 | D:9      | p0werm0de: !polymorph Anon
  5316 | D:9      | beem: p0werm0de zaps a wand. Anon evaporates and reforms as a red wasp!
  5316 | D:9      | p0werm0de: those are extincted, sry m8
  5317 | D:9      | Reached skill level 9 in Axes
  5393 | D:9      | Killed a two-headed ogre
  5638 | D:10     | Found Dehoceh's Food Shop.
  5665 | D:10     | Found a shadowy altar of Dithmenos.
  5756 | D:10     | 4thArraOfDagon: even if he wins with 5 digit points counter
  5756 | D:10     | p0werm0de: !speedsplits
  5756 | D:10     | 4thArraOfDagon: Im more impressed with your sub30k octopode jiyva run xd
  5779 | D:10     | p0werm0de: its 32k turns
  5790 | D:10     | beem: Milestone deltas for p0werm0de (vs PB, WR): L(14:50,23:26), R1(-14:19,-3:52), R2(-16:54,-7:24), R3(-22:07,-9:45), Z(-27:15,-10:16), O(-30:33,-11:06)
  5801 | D:10     | p0werm0de: well his GnNe was also reall ysick
  5819 | D:10     | p0werm0de: he got statue only in pan after doin hell and half pan
  5819 | D:10     | 4thArraOfDagon: but still crazy imo
  5852 | D:10     | p0werm0de: still <23k turns
  5911 | D:10     | p0werm0de: ye the op run was rly nice for me
  5917 | D:11     | p0werm0de: was like smiling 2 days after it
  5919 | D:11     | 4thArraOfDagon: it looks like he can win 21-23k gnoll anytime
  5919 | D:11     | p0werm0de: yea now with clutch anyway
  5919 | D:11     | 4thArraOfDagon: well, maybe its not that hard?
  5919 | D:11     | 4thArraOfDagon: is anyone else even trying?
  5919 | D:11     | p0werm0de: tidbits
  5919 | D:11     | 4thArraOfDagon: I didnt play gnolls for real
  5919 | D:11     | p0werm0de: had GnAe 60m
  5922 | D:11     | p0werm0de: he tried this longer
  5931 | D:11     | p0werm0de: !hs * gnee
  5937 | D:11     | beem: 548. tidbits the Gnoll Aeon (L27 GnEE of Cheibriados), escaped with the Orb and 15 runes on 2017-12-31 06:12:20, with 53989256 points after 26840 turns and 12:05:11.
  5942 | D:11     | p0werm0de: !hs * gnae
  5948 | D:11     | beem: 251. tidbits the Gnoll Aeon (L27 GnAE of Cheibriados), escaped with the Orb and 15 runes on 2018-01-12 19:14:13, with 60576514 points after 23820 turns and 10:57:33.
  5997 | D:11     | p0werm0de: well now is just with clutch you can kill out of depth stuff easily
  6025 | D:11     | p0werm0de: as long as it isnt rconstrict or does too much ranged dmg
  6075 | D:11     | Noticed Grum
  6086 | D:11     | Killed Grum
  6086 | D:11     | Reached **** piety under Makhleb
  6090 | D:11     | Found a labyrinth entrance.
  6099 | Lab      | Entered a labyrinth
  6100 | Lab      | p0werm0de: and synergy with chei
  6140 | Lab      | p0werm0de: getting stuff at distance and constrict lock it
  6502 | Lab      | Noticed a minotaur
  6520 | Lab      | Killed a minotaur
  6529 | Lab      | Got a scintillating copper amulet
  6548 | Lab      | Identified the amulet of Qejoly {Reflect -Tele rN+ Int+3 SH+5} (You found it in a labyrinth)
  6600 | D:11     | Reached XP level 11. HP: 64/96 MP: 12/12
  6660 | D:11     | Noticed a two-headed ogre
  6669 | D:11     | Killed a two-headed ogre
  6724 | D:11     | Killed an unseen horror
  6782 | D:11     | Noticed a deep elf mage
  6791 | D:11     | Killed a deep elf mage
  6798 | D:11     | Reached skill level 10 in Axes
  6817 | D:11     | Noticed a deep elf mage
  6817 | D:11     | Noticed a deep elf mage
  6825 | D:11     | Killed a deep elf mage
  6835 | D:11     | Killed a deep elf mage
  6917 | D:11     | Identified the Guide on Shape Shifting and Weightlessness
  6943 | D:11     | Noticed a deep elf mage
  6951 | D:11     | Killed a deep elf mage
  6969 | D:11     | Noticed a deep elf mage
  6975 | D:11     | Killed a deep elf mage
  6981 | D:11     | Identified the Compendium of Excruciating Cold
  6990 | D:11     | Found a deep blue altar of Sif Muna.
  6990 | D:11     | Noticed a deep elf mage
  6996 | D:11     | Noticed an orc sorcerer
  7002 | D:11     | Killed an orc sorcerer
  7009 | D:11     | Killed a deep elf mage
  7079 | D:11     | Noticed an orc sorcerer
  7080 | D:11     | Noticed a deep elf mage
  7081 | D:11     | Noticed an orc sorcerer
  7093 | D:11     | Noticed a sun demon
  7094 | D:11     | Killed from afar by an orc sorcerer

Skill      XL: |  1  2  3  4  5  6  7  8  9 10 11 |
---------------+----------------------------------+-----
Air Magic      | 3 4 |  4.6
Axes           | 2 4 5 7 8 9 10 | 10.6
Fighting       | 1 2 3 4 5 6 |  6.0
Armour         | 1 3 4 5 6 |  6.8
Dodging        | 3 5 6 7 |  7.4
Necromancy     | 2 5 7 |  7.7
Invocations    | 4 6 7 |  7.0
Spellcasting   | 2 |  2.7
Stealth        | |  2.4
Conjurations   | |  0.8

Action                   |  1- 3 |  4- 6 |  7- 9 | 10-12 || total
-------------------------+-------+-------+-------+-------++-------
Melee: Dagger            |     5 |       |       |       ||     5
       Mace              |     7 |    12 |       |       ||    19
       War axe           |       |    88 |    50 |       ||   138
       Short sword       |       |       |   297 |   358 ||   655
 Cast: Shock             |    27 |    36 |    30 |     2 ||    95
       Swiftness         |       |     1 |       |       ||     1
       Airstrike         |       |     3 |     5 |       ||     8
       Vampiric Draining |       |       |     2 |    13 ||    15
Invok: Lesser Servant of |       |       |     3 |    19 ||    22
 Abil: Heal Wounds       |       |     6 |     5 |     6 ||    17
Evoke: Wand              |       |       |    16 |     4 ||    20
  Use: Scroll            |     3 |     2 |       |    12 ||    17
       Potion            |       |     5 |     3 |       ||     8
 Stab: Sleeping          |     3 |       |     5 |     1 ||     9
  Eat: Chunk             |     1 |     6 |    11 |     8 ||    26
       Ration            |       |       |       |     1 ||     1
Armor: Robe              |     1 |     6 |    19 |       ||    26
       Skin              |       |     2 |    12 |       ||    14
       Ring mail         |       |       |    88 |   119 ||   207
Dodge: Dodged            |    39 |   126 |   363 |   303 ||   831
